 Seeded DCSS version 0.30.1-9-gdf580d7c3d (webtiles) character file.

Game seed: 2394977854812512649 (custom seed)

21199 Psyclone the Gelid (level 12, -19/64 HPs)
             Began as a Deep Elf Conjurer on Oct 12, 2023.
             Was an Initiate of Gozag.
             Killed from afar by a gargoyle (28 damage)
             ... with a stone arrow
             ... in a volcano.
             The game lasted 00:44:08 (17139 turns).

Psyclone the Gelid (Deep Elf Conjurer)             Turns: 17139, Time: 00:44:09

Health: -19/64     AC:  6    Str:  3    XL:     12   Next: 52%
Magic:  13/41      EV: 13    Int: 51    God:    Gozag
Gold:   600        SH:  0    Dex: 18    Spells: 13/39 levels left

rFire   + + .        a - +0 whip of Laeres {freeze, Int+4}
rCold   + + .        (no shield)
rNeg    + + .        c - +2 robe of the Serpent {Drain rCorr Int+3 Dex+6}
rPois   +            d - -2 hat of the Alchemist {rElec rPois rF+ rC+ rN+ Will+ rMut rCorr}
rElec   +            e - +0 cloak
rCorr   +            N - +2 pair of gloves
SInv    .            (no boots)
Will    ++...        h - amulet of magic regeneration
Stlth   ++           i - ring of the Shimmering Gods {rC+ rN+ MP+9 Int+5}
HPRegen 0.30/turn    j - +6 ring of intelligence
MPRegen 0.67/turn

%: resist mutation
@: gold aura, freezing walls
A: clever 1, fire resistance 1, robust 1
a: Renounce Religion, Potion Petition, Call Merchant, Bribe Branch


You were in a volcano.
You worshipped Gozag.
Gozag was pleased with you.
You visited 4 branches of the dungeon, and saw 15 of its levels.
You also visited: Volcano.

You collected 6801 gold pieces.
You spent 4108 gold pieces at shops.
You paid 2093 gold pieces to Gozag.

Inventory:

Hand Weapons
 a - the +0 whip of Laeres (weapon) {freeze, Int+4}
   (You bought it in a shop in the Ecumenical Temple)

   Int:       It affects your intelligence (+4).
 m - a +2 dagger of electrocution
Missiles
 T - a throwing net {!f}
Armour
 c - the +2 robe of the Serpent (worn) {Drain rCorr Int+3 Dex+6}
   (You bought it in a shop in the Ecumenical Temple)

   Int:       It affects your intelligence (+3).
   Dex:       It affects your dexterity (+6).
   rCorr:     It protects you from acid and corrosion.
   Drain:     It drains your maximum health when unequipped.
 d - the -2 hat of the Alchemist (worn) {rElec rPois rF+ rC+ rN+ Will+ rMut rCorr}
   (You bought it in a shop in the Ecumenical Temple)

   rF:        It protects you from fire.
   rC:        It protects you from cold.
   rElec:     It insulates you from electricity.
   rPois:     It protects you from poison.
   rN:        It protects you from negative energy.
   rCorr:     It protects you from acid and corrosion.
   rMut:      It protects you from mutation.
   Will:      It increases your willpower.
 e - a +0 cloak (worn)
 N - a +2 pair of gloves (worn)
Jewellery
 h - an amulet of magic regeneration (around neck)
 i - the ring of the Shimmering Gods (left hand) {rC+ rN+ MP+9 Int+5}
   (You bought it in a shop in the Ecumenical Temple)

   [ring of positive energy]

   Int:       It affects your intelligence (+5).
   rC:        It protects you from cold.
   rN:        It protects you from negative energy.
   MP:        It affects your magic capacity (+9).
 j - a +6 ring of intelligence (right hand)
 I - a +4 ring of protection
 J - a ring of poison resistance
Wands
 B - a wand of flame (7)
 F - a wand of paralysis (17)
 M - a wand of mindburst (6)
 Q - a wand of roots (6)
 R - a wand of digging (7)
Scrolls
 f - 12 scrolls of teleportation
 k - 2 scrolls of blinking {unknown}
 p - 2 scrolls of enchant weapon {unknown}
 q - 3 scrolls of torment {unknown}
 v - a scroll of butterflies {unknown}
 w - 4 scrolls of immolation {unknown}
 y - 2 scrolls of magic mapping
 C - 2 scrolls of enchant armour {unknown}
 G - 5 scrolls of noise {unknown}
 K - 9 scrolls of identify {unknown}
 P - a scroll of vulnerability {unknown}
 S - a scroll of amnesia {unknown}
 V - a scroll of fear {unknown}
Potions
 b - 3 potions of magic
 g - a potion of lignification {unknown}
 l - a potion of ambrosia {unknown}
 n - 3 potions of degeneration {unknown}
 o - a potion of cancellation {unknown}
 r - 5 potions of curing {unknown}
 s - a potion of mutation
 t - 2 potions of might
 u - 2 potions of attraction {unknown}
 x - a potion of resistance {unknown}
 A - 5 potions of heal wounds {unknown}
 D - a potion of brilliance {unknown}
 E - a potion of haste {unknown}
 H - 3 potions of flight {unknown}
 L - 3 potions of berserk rage {unknown}
 O - a potion of invisibility {unknown}


   Skills:
 - Level 2.4 Dodging
 - Level 2.4 Stealth
 - Level 14.0 Spellcasting
 + Level 15.4 Conjurations
 - Level 16.3 Ice Magic


You had 13 spell levels left.
You knew the following spells:

 Your Spells              Type           Power      Damage    Failure   Level
a - Magic Dart            Conj           100%       1d8       0%          1
b - Searing Ray           Conj           100%       2d8       0%          2
c - Frozen Ramparts       Ice            100%       1d16      0%          3
d - Ozocubu's Refrigerat  Ice            58%        4d20      1%          7
e - Iskenderun's Mystic   Conj/Tloc      85%        2d17      1%          4
f - Freezing Cloud        Conj/Ice/Air   48%        6-21      1%          5
g - Fulminant Prism       Conj/Hex       42%        3d19      1%          4

Your spell library contained the following spells:

 Spells                   Type           Power      Damage    Failure   Level
 Ensorcelled Hibernation  Hex/Ice        100%       N/A       1%          2
 Poisonous Vapours        Pois/Air       70%        N/A       1%          2
 Dazzling Flash           Conj/Hex       100%       N/A       1%          3
 Mephitic Cloud           Conj/Pois/Air  73%        N/A       1%          3
 Portal Projectile        Hex/Tloc       70%        N/A       1%          3
 Spider Form              Tmut/Pois      35%        N/A       1%          3
 Tukima's Dance           Hex            35%        N/A       1%          3
 Ice Form                 Ice/Tmut       87%        N/A       1%          4
 Summon Ice Beast         Ice/Summ       87%        N/A       1%          4
 Iskenderun's Battlesphe  Conj           100%       2d15      1%          5
 Iron Shot                Conj/Erth      42%        9d8       3%          6
 Anguish                  Hex/Necr       17%        N/A       5%          4
 Blade Hands              Tmut           17%        N/A       16%         5
 Spellforged Servitor     Conj/Summ      42%        N/A       21%         7


Dungeon Overview and Level Annotations

Branches:
Dungeon (11/15) Zot: 25432  Temple (1/1) D:5 Zot: 5694    Lair (1/5) D:9 Zot: 5690
    Orc (2/2) D:9 Zot: 9921     Elf (0/3) Orc:2       Volcano (1/1) Zot: 5946

Altars:
Ashenzari
Cheibriados
Dithmenos
Elyvilon
Fedhas
Gozag
Hepliaklqana
Kikubaaqudgha
Makhleb
Nemelex Xobeh
Okawaru
Qazlal
Ru
Sif Muna
Trog
Uskayaw
Vehumet
Wu Jian
Xom
Yredelemnul
Zin
The Shining One

Shops:
D:2 !   D:10 *   Temple :=*   Orc:2 !*(((

Annotations:
D:6 2 transporters


Innate Abilities, Weirdness & Mutations

Your mind is acute. (Int +4, Str/Dex -1)
Your flesh is heat resistant. (rF+)
You are robust. (+10% HP)


Message History

The naga skeleton resists.
The naga skeleton is heavily damaged.
The gargoyle is moderately damaged.
The alligator skeleton resists.
The alligator skeleton is lightly damaged.
The troll skeleton resists.
The wall freezes the troll skeleton.
The troll skeleton bites you but does no damage.
The troll skeleton claws you but does no damage.
The troll skeleton closely misses you.
The wall freezes the gargoyle!
The gargoyle barely misses you.
The wall freezes the gargoyle but does no damage.
The gargoyle is distracted by your dazzling golden aura.
You now have 20/41 mp.
Casting: Ozocubu's Refrigeration (dangerous; 1% risk of failure)
Confirm with . or Enter, or press ? or * to list all spells.
The heat is drained from your surroundings.
You destroy the gargoyle!
The troll skeleton resists.
The troll skeleton is moderately damaged.
The gargoyle is no longer distracted by gold.
The gargoyle is almost destroyed.
The naga skeleton resists.
The naga skeleton is severely damaged.
The gargoyle is severely damaged.
The alligator skeleton resists.
The alligator skeleton is moderately damaged.
The alligator skeleton resists.
The alligator skeleton is moderately damaged.
The naga skeleton resists.
The wall freezes the naga skeleton.
The alligator skeleton resists.
The wall freezes the alligator skeleton.
The troll skeleton resists.
The wall freezes the troll skeleton.
The troll skeleton bites you but does no damage.
The troll skeleton claws you.
* * * LOW HITPOINT WARNING * * *
The troll skeleton claws you but does no damage.
The wall freezes the gargoyle but does no damage.
The gargoyle hurls a stone arrow at you.
The stone arrow hits you!!
You die...
Your body crumbles into a pile of gold.

### ..## ...### ####
.....### ...# .......###
#.∩.## ≈≈≈.§§...#####
$.... # $ $
≈≈≈≈§≈§....#.## ... ...
$ $
≈≈≈§§§§§≈...≈.###9#..#.#
$
§§§§§§§§§≈...$..@ZZ....#
§≈§§≈≈≈≈§...≈.###9#..#.#
$ ≈≈≈≈≈§≈§§..#.## .Z.
... $ ≈§§§≈≈≈§≈z≈###
..... # $ ≈≈§§≈≈§§≈§##
#.##.# ≈§≈≈≈§# .# #
≈≈≈≈# .# ≈## .#


You could see 2 gargoyles, an alligator skeleton, a naga skeleton and a troll
skeleton.

Vanquished Creatures
  Harold (Orc:1)
  A death knight (D:9)
  Erica (Orc:1)
  A two-headed ogre (D:10)
  An orc high priest (Orc:2)
  An orc knight (Orc:2)
  6 orc sorcerers
  5 elephants (Lair:1)
  2 black mambas (Lair:1)
  A gargoyle (Volcano)
  An unseen horror (D:10)
  3 trolls
  A hornet (D:9)
  2 flying skulls (Volcano)
  Sigmund (D:2)
  A shadow (D:11)
  A wyvern (D:9)
  A wraith (D:11)
  19 yaks
  A basilisk (Lair:1)
  3 vampire mosquitoes (D:11)
  2 wargs (Orc:1)
  An acid dragon (D:10)
  A water moccasin (D:7)
  28 orc warriors
  An ice beast (D:4)
  A sky beast (D:7)
  A black bear (D:5)
  4 ogres
  3 centaurs
  2 phantoms
  A kobold brigand (D:11)
  9 bullfrogs
  A gnoll sergeant (D:11)
  2 scorpions
  5 wights (D:9)
  5 howler monkeys
  6 hounds
  2 jellies
  27 orc priests
  3 sleepcaps
  Crazy Yiuf (D:5)
  2 iguanas
  45 orc wizards
  7 gnolls
  3 adders
  An ufetubus (D:6)
  3 worms (D:2)
  4 dart slugs
  109 orcs
  8 ball pythons
  6 endoplasms
  3 giant cockroaches
  14 goblins
  7 hobgoblins
  4 jackals (D:5)
  3 quokkas
  6 bats
  4 frilled lizards
  7 kobolds
  7 rats
403 creatures vanquished.

Notes
Turn   | Place    | Note
-------+----------+-------------------------------------------
     0 | D:1      | Psyclone the Deep Elf Conjurer began the quest for the Orb.
     0 | D:1      | Reached XP level 1. HP: 10/10 MP: 6/6
    93 | D:1      | Reached XP level 2. HP: 15/15 MP: 2/8
    96 | D:1      | Learned a level 2 spell: Searing Ray
   174 | D:1      | Reached skill level 5 in Conjurations
   222 | D:2      | Found Utwiat's Distillery.
   281 | D:4      | You fall into a shaft and drop 1 floor!
   281 | D:5      | Entered Level 5 of the Dungeon
   281 | D:5      | Found a staircase to the Ecumenical Temple.
   289 | Temple   | Entered the Ecumenical Temple
   305 | Temple   | Identified 2 scrolls of acquirement
   305 | Temple   | Acquired 1325 gold pieces
   309 | Temple   | Acquired 1291 gold pieces
   311 | Temple   | Became a worshipper of Gozag Ym Sagoz the Greedy
   402 | Temple   | Gained mutation: Your mind is acute. (Int +4, Str/Dex -1)
                  | [potion of mutation]
   402 | Temple   | Gained mutation: You are robust. (+10% HP) [potion of
                  | mutation]
   402 | Temple   | Gained mutation: Your flesh is heat resistant. (rF+)
                  | [potion of mutation]
   513 | D:5      | Noticed a black bear
   515 | D:5      | Noticed an ogre
   518 | D:5      | Killed a black bear
   519 | D:5      | Reached skill level 3 in Ice Magic
   519 | D:5      | Reached XP level 3. HP: 5/20 MP: 3/9
   519 | D:5      | Reached XP level 4. HP: 6/26 MP: 3/10
   542 | D:5      | Killed an ogre
   543 | D:5      | Reached skill level 5 in Ice Magic
   543 | D:5      | Reached XP level 5. HP: 14/30 MP: 1/11
  1010 | D:5      | Found a glowing silver altar of Zin.
  1033 | D:5      | Reached skill level 6 in Ice Magic
  1033 | D:5      | Reached XP level 6. HP: 35/35 MP: 8/12
  1398 | D:5      | Reached skill level 7 in Ice Magic
  1877 | D:5      | Found a runed translucent door.
  1878 | D:5      | Noticed Crazy Yiuf
  1886 | D:5      | Killed Crazy Yiuf
  1887 | D:5      | Reached XP level 7. HP: 27/39 MP: 5/13
  2163 | D:4      | Reached skill level 8 in Ice Magic
  2247 | D:4      | Found a hazy altar of Hepliaklqana.
  2625 | Temple   | Bought a manual of Ice Magic for 880 gold pieces
  2999 | D:4      | Reached skill level 9 in Ice Magic
  3540 | D:3      | Found a snail-covered altar of Cheibriados.
  3616 | D:3      | Learned a level 5 spell: Freezing Cloud
  4987 | D:2      | Learned a level 3 spell: Frozen Ramparts
  6157 | D:2      | Noticed Sigmund
  6165 | D:2      | Killed Sigmund
  6166 | D:2      | Reached skill level 10 in Ice Magic
  6166 | D:2      | Reached XP level 8. HP: 45/45 MP: 4/14
  6364 | Temple   | Bought a scorched whip for 247 gold pieces
  6364 | Temple   | Identified the +0 whip of Laeres {freeze, Int+4} (You
                  | bought it in a shop in the Ecumenical Temple)
  6364 | Temple   | Bought a faintly humming robe for 188 gold pieces
  6364 | Temple   | Identified the +2 robe of the Serpent {Drain rCorr Int+3
                  | Dex+6} (You bought it in a shop in the Ecumenical Temple)
  6429 | D:6      | Reached skill level 11 in Ice Magic
  6562 | D:6      | Found a shimmering blue altar of Sif Muna.
  6563 | D:6      | Found a sparkling altar of Nemelex Xobeh.
  6564 | D:6      | Found a white marble altar of Elyvilon.
  6570 | D:6      | Found a transporter.
  6619 | D:6      | Reached skill level 12 in Ice Magic
  6794 | D:6      | Found a transporter.
  7039 | D:6      | Reached skill level 13 in Ice Magic
  7415 | D:6      | Found a sacrificial altar of Ru.
  7415 | D:6      | Found an iron altar of Okawaru.
  7446 | D:6      | Found a bloodstained altar of Trog.
  7868 | D:7      | Reached skill level 14 in Ice Magic
  8596 | D:7      | Reached skill level 15 in Ice Magic
  8596 | D:7      | Reached XP level 9. HP: 46/49 MP: 11/15
  9045 | D:8      | Found a basalt altar of Yredelemnul.
  9289 | D:8      | Found a stormy altar of Qazlal.
  9310 | D:8      | Reached skill level 16 in Ice Magic
  9698 | Temple   | Bought the ring of the Shimmering Gods {rC+ rN+ MP+9 Int+5}
                  | for 697 gold pieces
  9967 | D:9      | Found a staircase to the Lair.
 10057 | D:9      | Found a staircase to the Orcish Mines.
 10102 | D:9      | Reached skill level 5 in Spellcasting
 10425 | D:9      | Noticed a death knight
 10924 | Temple   | Bought the Lessons on Putrid Ice for 418 gold pieces
 10932 | Temple   | Learned a level 7 spell: Ozocubu's Refrigeration
 11350 | D:9      | Killed a death knight
 11351 | D:9      | Reached XP level 10. HP: 31/55 MP: 17/24
 11477 | D:9      | Found a burning altar of Makhleb.
 12385 | D:10     | Entered Level 10 of the Dungeon
 12460 | D:10     | Noticed a two-headed ogre
 12465 | D:10     | Killed a two-headed ogre
 12802 | D:10     | Reached skill level 10 in Spellcasting
 13022 | D:10     | Found Nuryn's Blasphemy Boutique.
 13036 | D:10     | Reached skill level 10 in Conjurations
 13182 | D:11     | Reached XP level 11. HP: 59/59 MP: 22/28
 14231 | Orc:1    | Entered Level 1 of the Orcish Mines
 14231 | Orc:1    | Noticed Harold
 14447 | Orc:1    | Noticed Erica
 14450 | Orc:1    | Killed Erica
 14507 | Orc:1    | Killed Harold
 14692 | Orc:2    | Entered Level 2 of the Orcish Mines
 14967 | Orc:1    | Learned a level 4 spell: Fulminant Prism
 14972 | Orc:1    | Learned a level 4 spell: Iskenderun's Mystic Blast
 15167 | Orc:2    | Found Upaodeyrgh's Weapon Emporium.
 15190 | Orc:1    | Noticed an orc sorcerer
 15192 | Orc:1    | Killed an orc sorcerer
 15338 | Orc:2    | Found a burning altar of Makhleb.
 15347 | Orc:2    | Found a staircase to the Elven Halls.
 15576 | Orc:2    | Noticed an orc sorcerer
 15578 | Orc:2    | Killed an orc sorcerer
 15579 | Orc:2    | Noticed an orc knight
 15581 | Orc:2    | Killed an orc knight
 15695 | Orc:2    | Noticed an orc sorcerer
 15695 | Orc:2    | Noticed an orc sorcerer
 15696 | Orc:2    | Killed an orc sorcerer
 15696 | Orc:2    | Killed an orc sorcerer
 15697 | Orc:2    | Reached XP level 12. HP: 64/64 MP: 1/32
 15783 | Orc:2    | Noticed an orc high priest
 15787 | Orc:2    | Killed an orc high priest
 16119 | Orc:2    | Found Qunammik's Weapon Shop.
 16119 | Orc:2    | Found Hykemuw's Weapon Shop.
 16121 | Orc:2    | Found Vecin's General Store.
 16130 | Orc:2    | Found Xaggez's Distillery.
 16505 | Temple   | Bought the -2 hat of the Alchemist {rElec rPois rF+ rC+ rN+
                  | Will+ rMut rCorr} for 1557 gold pieces
 16505 | Temple   | Found the -2 hat of the Alchemist {rElec rPois rF+ rC+ rN+
                  | Will+ rMut rCorr}
 16505 | Temple   | Bought 2 purple potions for 59 gold pieces
 16505 | Temple   | Bought a yellow potion for 29 gold pieces
 16505 | Temple   | Bought a scroll labelled WUAGIG ROKKYQO for 33 gold pieces
 16619 | Lair:1   | Entered Level 1 of the Lair of Beasts
 16874 | Lair:1   | Reached skill level 15 in Conjurations
 17078 | Lair:1   | Found a dark tunnel.
 17086 | Volcano  | Entered a volcano
 17139 | Volcano  | Killed from afar by a gargoyle

Illustrated notes

Levels and vault maps discovered:
D:1:      saegor_arrival_simple_c, layout_rooms
D:2:      layout_basic, serial_shops, shop, uniq_sigmund
D:3:      layout_basic, marbit_many_paths, serial_curves, eino_curves_01,
          eino_curves_03
D:4:      layout_cave_pools, kennysheep_mini_moat, dk_noncrumbling_3
D:5:      layout_gridville, mainiacjoe_overflow_alcove_1,
          minmay_temple_entry_grid, grunt_decor_arrowhead,
          uniq_crazy_yiuf_cottage
D:6:      layout_basic, general_overflow_altar, gammafunk_temple_overflow_arena,
          gammafunk_temple_overflow_wave, kb_lookout_dungeons_type,
          minmay_increasing_density
D:7:      layout_basic
D:8:      layout_basic, old_standard_altar, mainiacjoe_overflow_paths
D:9:      layout_loops_corners, lightli_temple_of_fire, lair_entry_dummy,
          hiddenorc2_lemuel
D:10:     layout_loops_ring, glass_columns_b, dk_noncrumbling_2,
          nicolae_evil_shop
D:11:     layout_irregular_city
Temple:   hellmonk_temple_flake
Lair:1:   layout_cave_pods, enter_volcano_2, st_stairs_5, grunt_megastairs_2
Orc:1:    layout_caves, uniq_erica, uniq_harold
Orc:2:    st_orc_mages, layout_diamond_mine, serial_shops,
          nicolae_shop_hallway_stairs, basic_altar
Volcano:  volcano_tomb [vts_chambers]

Skill      XL: |  1  2  3  4  5  6  7  8  9 10 11 12 |
---------------+-------------------------------------+-----
Conjurations   | 5 8 10 13 15 | 15.4
Ice Magic      | 3 5 6 7 10 15 16 | 16.3
Spellcasting   | 8 11 14 | 14.0
Dodging        | |  2.4
Stealth        | |  2.4

Action                     |  1- 3 |  4- 6 |  7- 9 | 10-12 || total
---------------------------+-------+-------+-------+-------++-------
  Melee: Whip              |       |       |    17 |   303 ||   320
         Punch             |       |       |       |     9 ||     9
   Cast: Magic Dart        |    13 |    12 |   214 |    19 ||   258
         Searing Ray       |     2 |    19 |    40 |    11 ||    72
         Frozen Ramparts   |       |       |    30 |    10 ||    40
         Freezing Cloud    |       |       |    15 |     4 ||    19
         Ozocubu's Refrige |       |       |     3 |    86 ||    89
         Iskenderun's Myst |       |       |       |     2 ||     2
 Invoke: Call Merchant     |     3 |       |       |       ||     3
    Use: Scroll            |     2 |       |     1 |     1 ||     4
         Potion            |     1 |       |       |       ||     1
   Stab: Sleeping          |       |       |     1 |       ||     1
         Distracted        |       |       |       |     1 ||     1
 Armour: Robe              |     1 |     3 |    15 |    35 ||    54
  Dodge: Dodged            |     3 |     7 |    43 |    62 ||   115
